 Dungeon Crawl Stone Soup version 0.26-a0-540-g8a0c9464d7 (webtiles) character file.

Game seed: 5432091956107600611

161 Inarius the Skirmisher (level 5, 0/46 HPs)
             Began as a Mummy Wanderer on Aug 23, 2020.
             Slain by a gnoll
             ... wielding a +0 club
              (6 damage)
             ... on level 4 of the Dungeon.
             The game lasted 00:02:48 (2641 turns).

Inarius the Skirmisher (Mummy Wanderer)             Turns: 2641, Time: 00:02:48

Health: 0/46       AC:  3    Str: 17    XL:     5   Next: 18%
Magic:  5/5        EV: 11    Int: 10    God:
Gold:   186        SH:  0    Dex: 12    Spells: 4/4 levels left

rFire    . . .     SeeInvis .   g - +2 hand axe (vamp)
rCold    . . .     Faith    .   (no shield)
rNeg     + + +     Spirit   .   n - +0 leather armour
rPois    ∞         Reflect  .   (no helmet)
rElec    .         Harm     .   (no cloak)
rCorr    .                      (no gloves)
MR       .....                  (no boots)
Stlth    +.........             (no amulet)
HPRegen  0.15/turn              i - ring of fire
MPRegen  0.09/turn              (no ring)

@: no status effects
A: no potions, fire vulnerability, cold resistance 1, negative energy resistance
3, torment resistance, unbreathing
a: no special abilities


You were on level 4 of the Dungeon.
You visited 1 branch of the dungeon, and saw 4 of its levels.

You collected 186 gold pieces.

Inventory:

Hand Weapons
 b - a +0 hand crossbow
 g - a +2 vampiric hand axe (weapon)
Missiles
 c - 86 bolts
 o - 5 boomerangs (quivered)
Armour
 h - a +0 plate armour
 n - a +0 leather armour (worn)
Jewellery
 i - a ring of fire (left hand)
Scrolls
 a - 2 scrolls of identify {unknown}
 d - 3 scrolls of teleportation
 e - a scroll of enchant weapon {unknown}
 f - a scroll of amnesia {unknown}
 j - a scroll of remove curse {unknown}
 k - a scroll of fog {unknown}
 l - a scroll of magic mapping {unknown}
 m - 2 scrolls of random uselessness {unknown}


   Skills:
 + Level 6.0 Fighting
   Level 1.5 Long Blades
 * Level 2.5 Axes
 - Level 1.0 Throwing
 + Level 1.0 Armour
 + Level 1.1 Dodging
 - Level 1.0 Stealth


You had 4 spell levels left.
You didn't know any spells.
Your spell library contained the following spells:

 Spells                   Type           Power        Failure   Level
 Corona                   Hex            #......      41%         1
 Ensorcelled Hibernation  Hex/Ice        #.....       56%         2
 Confusing Touch          Hex            #.......     80%         3
 Dazzling Flash           Conj/Hex       #.....       80%         3
 Tukima's Dance           Hex            #.......     80%         3


Dungeon Overview and Level Annotations

Branches:
Dungeon (4/15)
 Temple: D:4-7

Altars:


Innate Abilities, Weirdness & Mutations

You do not drink.
Your flesh is vulnerable to fire.
You are immune to poison.
Your flesh is cold resistant. (rC+)
You are immune to negative energy. (rN+++)
You are immune to unholy pain and torment.
You can survive without breathing.


Message History

You completely miss the gnoll shaman. You hit the gnoll.
You feel better.
You hit the gnoll but do no damage. The gnoll hits you with a +0 club!
The gnoll hits you but does no damage.
The gnoll shaman hits you but does no damage.
Unknown command.
You hit the gnoll shaman.
The gnoll shaman is lightly wounded.
You slash the gnoll! You barely miss the gnoll.
The gnoll hits you with a +0 club. The gnoll hits you!
The gnoll shaman hits you with a +0 whip!
* * * LOW HITPOINT WARNING * * *
The gnoll closely misses you. x2
You slash the gnoll shaman!
The gnoll shaman is heavily wounded.
You hit the gnoll.
You feel better.
You kill the gnoll!
You barely miss the gnoll. The gnoll hits you with a +0 club!
* * * LOW HITPOINT WARNING * * *
The gnoll shaman completely misses you. The gnoll hits you with a +0 club.
You die...

.....#..# ## ..)....##
##...### #. ..## ### ##.
. ..## ..##.. ### .. #
#.... ..... #..#...
##..#.# ##...##.......
#...# #....#)g......
....####.###....@g......
..........#.....##......
.......##.......# .....
....#..#......#.## ....
.####..##....#...# ...
.## #........##..# ..
..###.##.....##..## .
.###..#.......##..####.
..###...................


You could see a gnoll shaman and a gnoll (fast).

Vanquished Creatures
  6 gnolls
  3 adders
  3 worms
  A dart slug (D:1)
  An orc (D:3)
  A giant cockroach (D:1)
  9 hobgoblins
  3 jackals (D:2)
  2 quokkas
  A ball python (D:3)
  10 bats
  2 frilled lizards
  10 goblins
  6 kobolds
  8 rats
66 creatures vanquished.

Notes
Turn   | Place    | Note
-------+----------+-------------------------------------------
     0 | D:1      | Inarius the Mummy Wanderer began the quest for the Orb.
     0 | D:1      | Inarius set off with the following items: a +2 falchion, a
                  | +0 hand crossbow, 20 bolts, a scroll of teleportation, a +0
                  | robe
     0 | D:1      | Reached XP level 1. HP: 21/21 MP: 1/1
   221 | D:1      | Reached XP level 2. HP: 21/27 MP: 2/2
   948 | D:2      | Reached XP level 3. HP: 24/34 MP: 3/3
  1117 | D:2      | Reached skill level 1 in Axes
  1838 | D:3      | Reached XP level 4. HP: 22/40 MP: 4/4
  2074 | D:3      | Reached skill level 6 in Fighting
  2635 | D:4      | Reached XP level 5. HP: 31/46 MP: 5/5
  2636 | D:4      | Reached skill level 1 in Dodging
  2641 | D:4      | Slain by a gnoll

Illustrated notes

Levels and vault maps discovered:
D:1:      minmay_arrival_plants_in_alcoves, layout_loops_ring,
          chequers_serial_rivers_marsh, minmay_tiny_reverse_x
D:2:      layout_rooms
D:3:      layout_basic, minivault_26
D:4:      layout_cave_pools

Skill      XL: |  1  2  3  4  5 |
---------------+----------------+-----
Axes           | 1 2 |  2.5
Fighting       | 6 |  6.0
Dodging        | 1 |  1.1
Long Blades    | |  1.5
Throwing       | |  1.0
Armour         | |  1.0
Stealth        | |  1.0

Action                   |  1- 3 |  4- 6 || total
-------------------------+-------+-------++-------
Melee: Falchion          |    19 |       ||    19
       Hand axe          |    94 |    63 ||   157
 Fire: Hand crossbow     |     2 |       ||     2
 Stab: Sleeping          |     5 |     1 ||     6
Armor: Robe              |    30 |     5 ||    35
       Leather armour    |       |     6 ||     6
Dodge: Dodged            |    98 |    56 ||   154
       Rpst.: Falchion   |     7 |       ||     7

Table legend: (Time is in decaauts)
 A = Elapsed time spent in this place.
 B = Non-inter-level travel time spent in this place.
 C = Inter-level travel time spent in this place.
 D = Time resting spent in this place.
 E = Time spent auto-exploring this place.
 F = Levels seen in this place.
 G = Mean time per level.
                   A        B        C        D        E       F      G
               +--------+--------+--------+--------+--------+-----+--------+
         Total |   2684 |   2559 |    125 |    540 |   1536 |   4 |  671.0 |
       Dungeon |   2684 |   2559 |    125 |    540 |   1536 |   4 |  671.0 |
               +--------+--------+--------+--------+--------+-----+--------+

Top non-repeatable levels by time:
     D:3: 1012 daAuts
     D:1: 955 daAuts
     D:2: 603 daAuts
     D:4: 112 daAuts
